AoeStats
← georgeclay56789

Migration

509927121Analyzed
1v1 RM · 4d ago on Sep 28, 2026· 35m 41s· 2 players
Game mode
Random Map
Map size
132×132
Population
200
Speed
Normal
Resources
Standard
Victory
Conquest
Starting age
Dark Age
Ending age
Imperial Age
RankedLock teamsTeams togetherTeam positionsShared explorationLock speedFull tech treeHidden civsTurbo modeCheats
Victory
Defeat
🇬🇧 Portuguese · United Kingdom
917
+17
🇺🇸 Mongols · United States
949
-50
georgeclay56789
2:08 Loom
13:12 Feudal Age
13:37 Double-Bit Axe
17:42 Castle Age
16:27 Bloodlines
16:34 Fletching
16:45 Fishing Lines
18:01 Wheelbarrow
18:11 Forging
18:23 Gold Mining
19:00 Medium Warships
20:07 Hand Cart
21:56 Bow Saw
25:29 Gillnets
30:36 Imperial Age
29:25 Husbandry
29:49 Bodkin Arrow
29:54 Scale Mail Armor
30:00 Scale Barding Armor
30:41 Ballistics
32:20 Chemistry
32:06 Heavy Warships
32:22 Stone Mining
33:11 Siege Engineers
33:31 Conscription
34:17 Elite Cannon Galleon
Flaming Fish
8:49 Feudal Age
9:50 Double-Bit Axe
11:28 Wheelbarrow
16:47 Loom
19:49 Castle Age
18:03 Horse Collar
21:28 Bow Saw
22:24 Heavy Plow
23:50 Hand Cart
27:52 Stone Mining
27:53 Gold Mining
29:28 Medium Warships
29:43 Fletching
33:07 Gold Shaft Mining
33:08 Stone Shaft Mining
37:24 Imperial Age
Connection lost

Rejoining the realm…

Still unreachable

The connection could not be restored.

Session expired

The server has moved on; the page needs a fresh start.